 Dungeon Crawl Stone Soup version 0.30-b1-2-g02819fbbbe (webtiles) character file.

Game seed: 16574966315170707557

581 sanka the Martial Artist (level 7, -9/50 HPs)
             Began as a Vampire Warper on May 16, 2023.
             Was a Priest of Dithmenos.
             Mangled by Prince Ribbit (18 damage)
             ... on level 5 of the Dungeon.
             The game lasted 00:06:23 (3939 turns).

sanka the Martial Artist (Vampire Warper)           Turns: 3939, Time: 00:06:23

Health: -9/50      AC:  4    Str: 18    XL:     7   Next: 13%
Magic:  10/10      EV: 12    Int: 16    God:    Dithmenos [***...]
Gold:   481        SH:  0    Dex: 13    Spells: 10/10 levels left

rFire   . .          .
                       - Unarmed
rCold   . . .        (no shield)
rNeg    . . .        p - +0 robe {Will+}
rPois   .            w - +0 helmet
rElec   .            (no cloak)
rCorr   .            (no gloves)
SInv    +            f - +0 pair of boots
Will    ++...        (no amulet)
Stlth   ++           n - +6 ring of strength
HPRegen 0.48/turn    v - ring of willpower
MPRegen 0.12/turn

%: no passive effects
@: healing quickly, wreathed by umbra
A: alive, fangs 3, see invisible, vampiric 2
a: Exsanguinate, Renounce Religion, Shadow Step


You were on level 5 of the Dungeon.
You worshipped Dithmenos.
Dithmenos was most pleased with you.
You visited 1 branch of the dungeon, and saw 5 of its levels.
You also visited: Ossuary.

You collected 481 gold pieces.

Inventory:

Hand Weapons
 a - a +1 dagger of venom
Missiles
 c - 7 boomerangs of dispersal (quivered) {=f}
Armour
 f - a +0 pair of boots (worn)
 p - a +0 robe of willpower (worn)
 w - a +0 helmet (worn)
Jewellery
 n - a +6 ring of strength (left hand)
 v - a ring of willpower (right hand)
Scrolls
 b - a scroll of blinking
 e - 4 scrolls of teleportation {unknown}
 g - 3 scrolls of fog {unknown}
 i - a scroll of vulnerability {unknown}
 k - 7 scrolls of identify {unknown}
 m - 3 scrolls of amnesia {unknown}
 o - a scroll of enchant weapon {unknown}
 r - a scroll of poison {unknown}
 u - a scroll of immolation {unknown}
Potions
 d - 4 potions of curing {@q1}
 h - a potion of flight {unknown}
 j - a potion of mutation {unknown}
 l - 4 potions of degeneration {unknown}
 q - a potion of lignification {unknown}
 s - 2 potions of brilliance {unknown}
 t - a potion of invisibility {unknown}
 x - a potion of resistance {unknown}


   Skills:
 - Level 2.0 Fighting
 - Level 0.7 Throwing
 - Level 0.7 Armour
 - Level 2.1 Dodging
 + Level 8.6 Unarmed Combat
 - Level 2.0 Spellcasting
 - Level 2.4 Translocations


You had 10 spell levels left.
You didn't know any spells.
Your spell library contained the following spells:

 Spells                   Type           Power      Damage    Failure   Level
 Blink                    Tloc           18%        N/A       12%         2
 Lesser Beckoning         Tloc           18%        N/A       12%         2
 Teleport Other           Tloc           9%         N/A       24%         3
 Vhi's Electric Charge    Tloc/Air       10%        N/A       36%         3
 Manifold Assault         Tloc           9%         N/A       61%         4


Dungeon Overview and Level Annotations

Branches:
Dungeon (5/15)             Temple (0/1) D:4         Ossuary (visited)

Altars:
Cheibriados
Dithmenos
Sif Muna
Wu Jian

Annotations:
D:4 3 runed translucent doors, Grinder; sentinel's ghost, amateur GrCA
D:5 Prince Ribbit


Innate Abilities, Weirdness & Mutations

Your natural rate of healing is accelerated.
You have razor-sharp teeth.
You have supernaturally acute eyesight. (SInv)
You are afflicted with vampirism and can become a bat while bloodless.


Message History

No target in view!
No target in view!
No target in view!
Found a leather armour.
d - 5 yellow potions (gained 1)
You now have 481 gold pieces (gained 5).
Found a stone staircase leading up.
You see here a +0 leather armour.
x - a metallic dark potion
l - 4 blue potions (gained 1)
A hound comes into view.
Prince Ribbit comes into view.
Found a leather armour.
Found an escape hatch in the ceiling.
The hound barks!
Prince Ribbit croaks.
You punch Prince Ribbit!
Prince Ribbit is moderately wounded.
Prince Ribbit hits you! The hound closely misses you.
You barely miss Prince Ribbit. Your punch misses Prince Ribbit.
Your bite misses Prince Ribbit.
Prince Ribbit is moderately wounded.
The hound closely misses you. Prince Ribbit barely misses you.
Prince Ribbit blinks!
The hound closely misses you. Prince Ribbit closely misses you.
Prince Ribbit hits you! The hound closely misses you. Prince Ribbit hits you!
The hound bites you but does no damage. The hound attacks as you move away!
The hound closely misses you. Prince Ribbit hits you!
* * * LOW HITPOINT WARNING * * *
Prince Ribbit closely misses you. Prince Ribbit barely misses you.
Prince Ribbit attacks as you move away! Prince Ribbit barely misses you.
Prince Ribbit barely misses you.
There is a stone staircase leading up here.
It was a potion of curing.
You feel better. Prince Ribbit barely misses you. Prince Ribbit hits you!
* * * LOW HITPOINT WARNING * * *
Prince Ribbit says, "You're just another fly to me."
Prince Ribbit hits you!!
You die...

################
#...............
###...............
#.....############ # #.#...#
# # ##########.#...# # #
#..........#...# # ####
#.....######...# # ...#
#....[..hF@#...# # ...#
#......#####...# # ...#
#.....h.h......# #
...#######.#######..########
#
..........................<.
#
...#####...................#
# ...# #.#.######..........#
# #### #...# #..........# #
##### #.........[# #


You could see Prince Ribbit and a hound.

Vanquished Creatures
  A scorpion (D:5)
  A howler monkey (D:4)
  A hound (D:3)
  An orc priest (D:4)
  Jessica (D:3)
  3 iguanas (D:5)
  An orc wizard (D:4)
  8 mummies (Ossuary)
  7 adders
  A white imp (D:5)
  An ufetubus (D:5)
  3 worms
  4 dart slugs
  9 orcs
  7 ball pythons
  5 bats
  7 endoplasms
  2 giant cockroaches
  12 goblins
  6 hobgoblins
  4 jackals (D:4)
  2 quokkas (D:1)
  10 frilled lizards
  2 gnoll zombies (Ossuary)
  3 hobgoblin zombies (Ossuary)
  5 kobolds
  A kobold zombie (Ossuary)
  2 orc zombies (Ossuary)
  8 rats
118 creatures vanquished.

Vanquished Creatures (others)
  A fungus (D:4)
  7 plants
8 creatures vanquished.

Grand Total: 126 creatures vanquished

Notes
Turn   | Place    | Note
-------+----------+-------------------------------------------
     0 | D:1      | sanka the Vampire Warper began the quest for the Orb.
     0 | D:1      | Reached XP level 1. HP: 16/16 MP: 3/3
   278 | D:1      | Reached XP level 2. HP: 14/22 MP: 5/5
   279 | D:1      | Reached skill level 3 in Unarmed Combat
   314 | D:1      | Found a faded altar of an unknown god.
   330 | D:1      | Prayed at the altar of an unknown god.
   330 | D:1      | Became a worshipper of Dithmenos the Shadowed
   330 | D:1      | Reached * piety under Dithmenos
  1070 | D:2      | Gained mutation: You are afflicted with vampirism and can
                  | become a bat while bloodless. [Vampire growth]
  1070 | D:2      | Reached XP level 3. HP: 27/27 MP: 6/6
  1152 | D:2      | Reached skill level 4 in Unarmed Combat
  1335 | D:2      | Reached ** piety under Dithmenos
  1354 | D:2      | Reached XP level 4. HP: 27/33 MP: 7/7
  1473 | D:2      | Reached skill level 5 in Unarmed Combat
  1714 | D:2      | Found an ornate altar of the Wu Jian Council.
  2253 | D:3      | Found a snail-covered altar of Cheibriados.
  2450 | D:3      | Reached XP level 5. HP: 26/38 MP: 8/8
  2528 | D:3      | Noticed Jessica
  2532 | D:3      | Killed Jessica
  2533 | D:3      | Reached skill level 6 in Unarmed Combat
  2550 | D:3      | Found a shimmering blue altar of Sif Muna.
  2760 | D:4      | Found a runed translucent gate.
  2760 | D:4      | Found a runed translucent gate.
  2760 | D:4      | Found a runed translucent gate.
  2763 | D:4      | Noticed sentinel's ghost (amateur GrCA)
  2822 | D:4      | Reached *** piety under Dithmenos
  2885 | D:4      | Found a sand-covered staircase.
  2903 | D:4      | Reached XP level 6. HP: 42/44 MP: 9/9
  2908 | Ossuary  | Entered an ossuary
  2952 | Ossuary  | Reached skill level 7 in Unarmed Combat
  3379 | D:4      | Found a staircase to the Ecumenical Temple.
  3594 | D:4      | Noticed Grinder
  3607 | D:5      | Entered Level 5 of the Dungeon
  3620 | D:5      | Reached skill level 8 in Unarmed Combat
  3681 | D:5      | Reached XP level 7. HP: 40/50 MP: 10/10
  3922 | D:5      | Noticed Prince Ribbit
  3939 | D:5      | Mangled by Prince Ribbit

Illustrated notes

Levels and vault maps discovered:
D:1:      heliophobic_arrival_henge, layout_basic, ebering_ecumenical_altar_mist
D:2:      layout_loops_ring, basic_altar, minmay_misc_feat_enclosed,
          roderic_lattice_a, corexii_leaking_fountain, minmay_lizard_king
D:3:      layout_loops_ring, tgw_sif, kennysheep_slug_shrine
D:4:      layout_basic, minmay_temple_entry_trees,
          gammafunk_ghost_nasty_kobolds, nicolae_ossuary_entry_plus,
          uniq_grinder
D:5:      layout_basic, nicolae_tso_swordbearing_angel, uniq_prince_ribbit1

Skill      XL: |  1  2  3  4  5  6 |
---------------+-------------------+-----
Fighting       | 2 |  2.0
Unarmed Combat | 3 4 5 6 8 |  8.6
Throwing       | |  0.7
Armour         | |  0.7
Dodging        | |  2.1
Spellcasting   | |  2.0
Translocations | |  2.4

Action                     |  1- 3 |  4- 6 |  7- 9 || total
---------------------------+-------+-------+-------++-------
  Melee: Unarmed           |   130 |   261 |    11 ||   402
         Bite              |    11 |    26 |       ||    37
         Punch             |     3 |    12 |       ||    15
    Use: Potion            |       |       |     1 ||     1
   Stab: Sleeping          |       |     2 |     1 ||     3
 Armour: Leather armour    |    23 |    16 |       ||    39
         Robe              |       |    21 |     3 ||    24
  Dodge: Dodged            |    79 |   171 |    23 ||   273
